 Dungeon Crawl Stone Soup version 0.31.0-11-ge490571c62 (webtiles) character file.

Game seed: 3863186801839680522

166 Derpghoster the Trooper (level 5, -2/54 HPs)
             Began as an Oni Gladiator on Jan 31, 2024.
             Succumbed to a scorpion's poison
             ... on level 4 of the Dungeon.
             The game lasted 00:08:03 (2503 turns).

Derpghoster the Trooper (Oni Gladiator)             Turns: 2503, Time: 00:08:04

Health: -2/54      AC:  4    Str: 20    XL:     5   Next: 47%
Magic:  7/7        EV: 10    Int:  9    God:
Gold:   147        SH:  0    Dex: 10    Spells: 7/7 levels left

rFire   + . .        l - +0 morningstar
rCold   . . .        (no shield)
rNeg    . . .        g - +1 robe {rF+}
rPois   .            c - +0 hat
rElec   .            (no cloak)
rCorr   .            (gloves unavailable)
SInv    .            (boots unavailable)
Will    +....        (no amulet)
Stlth   +            (no ring)
HPRegen 0.29/turn    (no ring)
MPRegen 0.10/turn

%: no passive effects
@: brilliant, lethally poisoned (-2 -> -17), about to teleport, attractive,
enlightened, flying
A: large, unfitting armour, horns 1, tough skin 1, double potion healing,
drunken brawling
a: no special abilities


You were on level 4 of the Dungeon.
You visited 1 branch of the dungeon, and saw 4 of its levels.

You collected 147 gold pieces.

Inventory:

Hand Weapons
 a - a +0 flail
 l - a +0 morningstar (weapon)
Missiles
 d - 3 throwing nets (quivered)
 e - a large rock
Armour
 b - a +0 robe
 c - a +0 hat (worn)
 g - a +1 robe of fire resistance (worn)
 o - an orb of wrath
Scrolls
 f - 2 scrolls of fog
 i - a scroll of immolation {unknown}
 m - 2 scrolls of vulnerability
Potions
 k - 2 potions of mutation


   Skills:
 * Level 4.3 Fighting
 + Level 4.1 Maces & Flails
 + Level 2.3 Throwing
 * Level 3.4 Dodging
 + Level 0.2 Stealth
 * Level 1.7 Spellcasting


You had 7 spell levels left.
You didn't know any spells.
Your spell library contained the following spells:

 Spells                   Type           Power      Damage    Failure   Level
 Freezing Cloud           Conj/Ice/Air   0%         6-21      100%        5
 Summon Forest            Summ/Tloc      0%         N/A       100%        5
 Disjunction              Tloc           0%         N/A       100%        8


Dungeon Overview and Level Annotations

Branches:
Dungeon (4/15)             Temple (0/1) D:4

Altars:
Elyvilon


Innate Abilities, Weirdness & Mutations

You are too large for most types of armour.
You have a pair of small horns on your head.
You have tough skin. (AC +1)
You gain doubled healing and magic from potions.
Whenever you drink a healing potion, you attack all around you.


Message History

You feel very sick. The scorpion stings you!
You are more poisoned.
The scorpion poisons you! The scorpion stings you.
You are more poisoned.
The scorpion poisons you! The endoplasm barely misses you.
You hit the scorpion but do no damage.
You feel extremely sick. The scorpion stings you.
You are lethally poisoned!
The scorpion poisons you! The endoplasm freezes you.
You are frozen.
It was a potion of enlightenment.
You feel very buoyant.
You fly up into the air.
* * * LOW HITPOINT WARNING * * *
You feel extremely sick.
The scorpion stings you but does no damage.
The endoplasm barely misses you.
The endoplasm hits you but does no damage.
The scorpion stings you.
* * * LOW HITPOINT WARNING * * *
It was a potion of attraction.
You feel attractive to monsters.
* * * LOW HITPOINT WARNING * * *
You feel very sick.
The endoplasm hits you but does no damage. x2
The scorpion barely misses you.
It was a potion of brilliance.
You feel clever all of a sudden.
* * * LOW HITPOINT WARNING * * *
You feel very sick.
The endoplasm hits you but does no damage.
The endoplasm barely misses you. The hobgoblin hits you.
* * * LOW HITPOINT WARNING * * *
The scorpion barely misses you.
As you read the scroll of teleportation, it crumbles to dust.
You feel strangely unstable.
You die...

.........#
.........#
.........+
.........#
.........######
..............#
..............#
......s@.<....#
......JJg.....#
..............#
.................
.................
...........##?..#
...........##...#
.................
###..........>.(


You could see a scorpion, 2 endoplasms and a hobgoblin.

Vanquished Creatures
  Jessica (D:2)
  3 adders
  4 dart slugs
  8 orcs (D:3)
  5 ball pythons
  3 bats
  10 endoplasms
  2 giant cockroaches
  7 goblins
  8 hobgoblins
  9 jackals (D:1)
  11 kobolds
  4 quokkas
  6 frilled lizards
  6 rats
87 creatures vanquished.

Notes
Turn   | Place    | Note
-------+----------+-------------------------------------------
     0 | D:1      | Derpghoster the Oni Gladiator began the quest for the Orb.
     0 | D:1      | Reached XP level 1. HP: 22/22 MP: 1/1
   139 | D:1      | Found a faded altar of an unknown god.
   146 | D:1      | Reached XP level 2. HP: 29/29 MP: 2/2
   404 | D:1      | Reached XP level 3. HP: 14/37 MP: 3/3
  1157 | D:2      | Reached XP level 4. HP: 40/45 MP: 5/5
  1181 | D:2      | Noticed Jessica
  1191 | D:2      | Killed Jessica
  1192 | D:2      | Reached skill level 1 in Spellcasting
  1716 | D:2      | Reached XP level 5. HP: 38/54 MP: 7/7
  1906 | D:2      | Found a white marble altar of Elyvilon.
  2103 | D:3      | Got the Cyclopedia of Plasticity
  2494 | D:4      | Found a staircase to the Ecumenical Temple.
  2502 | D:4      | HP: 1/54 [hobgoblin (2)]
  2503 | D:4      | Succumbed to a scorpion's poison

Illustrated notes

Levels and vault maps discovered:
D:1:      lemuel_arrival_broad_hall, layout_loops_ring,
          shapermc_ecumenical_altar_venn, minmay_3d_cube
D:2:      cheibrodos_old_hovel, layout_basic, basic_altar, uniq_jessica
D:3:      layout_rooms
D:4:      layout_gridville, old_standard_altar, minmay_temple_entry_stoned_glass

Skill      XL: |  1  2  3  4  5 |
---------------+----------------+-----
Fighting       | 3 4 |  4.3
Dodging        | 3 |  3.4
Spellcasting   | 1 |  1.7
Maces & Flails | 4 |  4.1
Throwing       | |  2.3
Stealth        | |  0.2

Action                     |  1- 3 |  4- 6 || total
---------------------------+-------+-------++-------
  Melee: Flail             |   105 |    88 ||   193
         Headbutt          |    11 |    17 ||    28
         Morningstar       |       |    27 ||    27
    Use: Scroll            |     4 |     4 ||     8
         Potion            |       |     3 ||     3
   Stab: Sleeping          |       |     1 ||     1
 Armour: Robe              |    88 |   104 ||   192
  Dodge: Dodged            |    94 |    72 ||   166
